Dernière mise à jour: 2025-12-07 16:11:59
% Time on Ice - SAN JOSE BRONCOS
Lines # - Real PCT - Wanted PCT - Time Play
Normal Forward
1 - 30% - 36% - 17:20
2 - 31% - 31% - 17:57
3 - 27% - 23% - 15:38
4 - 11% - 10% - 6:23
Normal Defense
1 - 33% - 36% - 19:11
2 - 32% - 31% - 18:11
3 - 28% - 23% - 16:19
4 - 6% - 10% - 3:37
PP Forward
1 - 59% - 55% - 1:10
2 - 41% - 45% - 0:49
PP Defense
1 - 59% - 55% - 1:10
2 - 41% - 45% - 0:49
PK Forward
1 - 40% - 55% - 0:17
2 - 60% - 45% - 0:26
PK Defense
1 - 74% - 55% - 0:32
2 - 26% - 45% - 0:11
PK3 Forward
1 - 0% - 55%
2 - 0% - 45%
PK3 Defense
1 - 0% - 55%
2 - 0% - 45%
44 Forward
1 - 0% - 55%
2 - 0% - 45%
44 Defense
1 - 0% - 55%
2 - 0% - 45%
Last Minute Offensive  - 0:00
Last Minute Defensive  - 0:00
Total
Forward - 60:00
Defense - 60:00
% Time on Ice - KANSAS CITY KILLERBEES
Lines # - Real PCT - Wanted PCT - Time Play
Normal Forward
1 - 32% - 35% - 18:35
2 - 35% - 33% - 19:51
3 - 28% - 27% - 16:12
4 - 5% - 5% - 2:40
Normal Defense
1 - 37% - 37% - 21:29
2 - 33% - 33% - 18:42
3 - 25% - 24% - 14:35
4 - 4% - 6% - 2:32
PP Forward
1 - 14% - 55% - 0:06
2 - 86% - 45% - 0:37
PP Defense
1 - 86% - 60% - 0:37
2 - 14% - 40% - 0:06
PK Forward
1 - 50% - 55% - 1:00
2 - 50% - 45% - 0:59
PK Defense
1 - 54% - 55% - 1:04
2 - 46% - 45% - 0:55
PK3 Forward
1 - 0% - 55%
2 - 0% - 45%
PK3 Defense
1 - 0% - 55%
2 - 0% - 45%
44 Forward
1 - 0% - 55%
2 - 0% - 45%
44 Defense
1 - 0% - 55%
2 - 0% - 45%
Last Minute Offensive  - 0:00
Last Minute Defensive  - 0:00
Total
Forward - 60:00
Defense - 60:00
Play-by-Play 1st period 0:01 of 1st period - Boone Jenner wins face-off versus Sonny Milano in neutral zone. 0:40 of 1st period - Shot by Jordan Kyrou. 0:40 of 1st period - Goal by Jordan Kyrou - SAN JOSE BRONCOS : 0 - KANSAS CITY KILLERBEES : 1. 0:41 of 1st period - Jack Roslovic wins face-off versus Connor Bedard in neutral zone. 0:41 of 1st period - Jack Roslovic is hit by Connor Bedard. 1:03 of 1st period - Minor Penalty to Philipp Kurashev for Interference. 1:04 of 1st period - Jeff Carter wins face-off versus Nicholas Paul in KANSAS CITY KILLERBEES zone. 2:10 of 1st period - Connor Bedard is hit by Timothy Liljegren and loses puck. 3:24 of 1st period - Shot by Nicholas Paul. 3:24 of 1st period - Shot Misses the Net. 3:26 of 1st period - Shot by Janis Moser. 3:26 of 1st period - Shot Misses the Net. 3:49 of 1st period - Icing by K'Andre Miller. 3:50 of 1st period - Jack Roslovic wins face-off versus Brock Boeser in KANSAS CITY KILLERBEES zone. 5:11 of 1st period - Icing by Ivan Provorov. 5:12 of 1st period - Boone Jenner wins face-off versus Jeff Carter in KANSAS CITY KILLERBEES zone. 5:50 of 1st period - Shot by Jeff Carter. 5:50 of 1st period - Stopped by John Gibson with a rebound. 7:00 of 1st period - Shot by Cole Caufield. 7:00 of 1st period - Shot Blocked by Justin Schultz. 7:18 of 1st period - Shot by Timothy Liljegren. 7:18 of 1st period - Stopped by John Gibson without a rebound. 7:19 of 1st period - Jeff Carter wins face-off versus Connor Bedard in KANSAS CITY KILLERBEES zone. 7:53 of 1st period - Ilya Mikheyev is hit by K'Andre Miller and loses puck. 8:17 of 1st period - Off-side. 8:18 of 1st period - Boone Jenner wins face-off versus Jack Roslovic in neutral zone. 8:20 of 1st period - Minor Penalty to Jack Roslovic for Tripping. 8:21 of 1st period - Cole Caufield wins face-off versus Jordan Kyrou in SAN JOSE BRONCOS zone. 8:51 of 1st period - Shot by Alexis Lafreniere. 8:51 of 1st period - Shot Blocked by Thomas Harley. 9:03 of 1st period - Shot by Nicholas Paul. 9:03 of 1st period - Goal by Nicholas Paul - SAN JOSE BRONCOS : 0 - KANSAS CITY KILLERBEES : 2. 9:04 of 1st period - Tyler Johnson wins face-off versus Brett Leason in neutral zone. 9:23 of 1st period - Shot by Tyler Johnson. 9:23 of 1st period - Goal by Tyler Johnson - SAN JOSE BRONCOS : 0 - KANSAS CITY KILLERBEES : 3. 9:24 of 1st period - Sonny Milano wins face-off versus Boone Jenner in neutral zone. 9:38 of 1st period - Shot by Jordan Kyrou. 9:38 of 1st period - Stopped by Semyon Varlamov without a rebound. 9:39 of 1st period - Jack Roslovic wins face-off versus Alexis Lafreniere in SAN JOSE BRONCOS zone. 9:39 of 1st period - Jack Roslovic is hit by Nicholas Paul. 10:04 of 1st period - Shot by Alexis Lafreniere. 10:04 of 1st period - Shot Misses the Net. 10:06 of 1st period - Shot by Sean Walker. 10:06 of 1st period - Shot Misses the Net. 10:08 of 1st period - Shot by Nicholas Paul. 10:08 of 1st period - Shot Misses the Net. 10:32 of 1st period - Icing by Adam Pelech. 10:33 of 1st period - Connor Bedard wins face-off versus Jack Roslovic in SAN JOSE BRONCOS zone. 10:58 of 1st period - Thomas Harley is hit by Connor Bedard and loses puck. 11:15 of 1st period - Shot by Brock Boeser. 11:15 of 1st period - Shot Misses the Net. 11:20 of 1st period - Icing by Jaccob Slavin. 11:21 of 1st period - Boone Jenner wins face-off versus Sonny Milano in SAN JOSE BRONCOS zone. 11:26 of 1st period - Shot by Boone Jenner. 11:26 of 1st period - Stopped by Semyon Varlamov without a rebound. 11:27 of 1st period - Boone Jenner wins face-off versus Jeff Carter in SAN JOSE BRONCOS zone. 11:49 of 1st period - Off-side. 11:50 of 1st period - Connor Bedard wins face-off versus Sonny Milano in neutral zone. 12:34 of 1st period - Shot by Connor Bedard. 12:34 of 1st period - Stopped by Semyon Varlamov without a rebound. 12:35 of 1st period - Boone Jenner wins face-off versus Jeff Carter in SAN JOSE BRONCOS zone. 12:40 of 1st period - Shot by Boone Jenner. 12:40 of 1st period - Shot Misses the Net. 12:42 of 1st period - Shot by Boone Jenner. 12:42 of 1st period - Shot Misses the Net. 12:46 of 1st period - Shot by Jordan Kyrou. 12:46 of 1st period - Shot Misses the Net. 12:48 of 1st period - Shot by Mattias Ekholm. 12:48 of 1st period - Shot Blocked by Adam Pelech. 14:10 of 1st period - Shot by Nicholas Paul. 14:10 of 1st period - Stopped by Semyon Varlamov with a rebound. 15:18 of 1st period - Shot by Brock Boeser. 15:18 of 1st period - Shot Misses the Net. 15:20 of 1st period - Shot by Philipp Kurashev. 15:20 of 1st period - Stopped by Semyon Varlamov without a rebound. 15:21 of 1st period - Boone Jenner wins face-off versus Jesper Bratt in SAN JOSE BRONCOS zone. 17:26 of 1st period - Shot by Brett Leason. 17:26 of 1st period - Deflect By Ilya Mikheyev. 17:26 of 1st period - Stopped by John Gibson without a rebound. 17:27 of 1st period - Tyler Johnson wins face-off versus Jesper Bratt in KANSAS CITY KILLERBEES zone. 17:27 of 1st period - Ivan Provorov is hit by Jesper Bratt and loses puck. 17:31 of 1st period - Icing by Ivan Provorov. 17:32 of 1st period - Tyler Johnson wins face-off versus Sonny Milano in KANSAS CITY KILLERBEES zone. 17:42 of 1st period - Jesper Bratt is hit by Mattias Ekholm and loses puck. 17:53 of 1st period - Shot by Jesper Bratt. 17:53 of 1st period - Shot Misses the Net. 19:11 of 1st period - Shot by Philipp Kurashev. 19:11 of 1st period - Shot Misses the Net. 19:13 of 1st period - Shot by K'Andre Miller. 19:13 of 1st period - Stopped by Semyon Varlamov without a rebound. 19:14 of 1st period - Boone Jenner wins face-off versus Jack Roslovic in SAN JOSE BRONCOS zone. 19:41 of 1st period - Shot by Jordan Kyrou. 19:41 of 1st period - Stopped by Semyon Varlamov without a rebound. 19:42 of 1st period - Connor Bedard wins face-off versus Sonny Milano in SAN JOSE BRONCOS zone. Goals for this period are 0 for SAN JOSE BRONCOS vs 3 for KANSAS CITY KILLERBEES. Shots for this period are 3 for SAN JOSE BRONCOS vs 10 for KANSAS CITY KILLERBEES. 2nd period 0:01 of 2nd period - Sonny Milano wins face-off versus Boone Jenner in neutral zone. 0:10 of 2nd period - Shot by Clayton Keller. 0:10 of 2nd period - Deflect By Jesper Bratt. 0:10 of 2nd period - Stopped by John Gibson with a rebound. 0:24 of 2nd period - Off-side. 0:25 of 2nd period - Jack Roslovic wins face-off versus Tyler Johnson in neutral zone. 0:30 of 2nd period - Shot by Oliver Bjorkstrand. 0:30 of 2nd period - Shot Hit the Post. 0:52 of 2nd period - Shot by Nicholas Paul. 0:52 of 2nd period - Stopped by Semyon Varlamov with a rebound. 1:15 of 2nd period - Icing by K'Andre Miller. 1:16 of 2nd period - Sonny Milano wins face-off versus Alexis Lafreniere in KANSAS CITY KILLERBEES zone. 1:19 of 2nd period - Shot by Jesper Bratt. 1:19 of 2nd period - Stopped by John Gibson without a rebound. 1:20 of 2nd period - Boone Jenner wins face-off versus Jesper Bratt in KANSAS CITY KILLERBEES zone. 1:20 of 2nd period - Boone Jenner is hit by Sonny Milano. 1:40 of 2nd period - Icing by Jaccob Slavin. 1:41 of 2nd period - Connor Bedard wins face-off versus Sonny Milano in SAN JOSE BRONCOS zone. 1:42 of 2nd period - Shot by Brock Boeser. 1:42 of 2nd period - Stopped by Semyon Varlamov without a rebound. 1:43 of 2nd period - Brock Boeser wins face-off versus Jack Roslovic in SAN JOSE BRONCOS zone. 1:46 of 2nd period - Shot by Connor Bedard. 1:46 of 2nd period - Stopped by Semyon Varlamov without a rebound. 1:47 of 2nd period - Sonny Milano wins face-off versus Nicolas Aube-Kubel in SAN JOSE BRONCOS zone. 1:47 of 2nd period - Sonny Milano is hit by Boone Jenner. 2:07 of 2nd period - Shot by Jesper Bratt. 2:07 of 2nd period - Deflect By Clayton Keller. 2:07 of 2nd period - Shot Misses the Net. 2:12 of 2nd period - Icing by Boone Jenner. 2:13 of 2nd period - Boone Jenner wins face-off versus Jack Roslovic in KANSAS CITY KILLERBEES zone. 2:40 of 2nd period - Shot by Boone Jenner. 2:40 of 2nd period - Stopped by Semyon Varlamov without a rebound. 2:41 of 2nd period - Connor Bedard wins face-off versus Sonny Milano in SAN JOSE BRONCOS zone. 2:54 of 2nd period - Shot by Connor Bedard. 2:54 of 2nd period - Deflect By Brock Boeser. 2:54 of 2nd period - Shot Blocked by Jaccob Slavin. 2:56 of 2nd period - Shot by Justin Schultz. 2:56 of 2nd period - Stopped by Semyon Varlamov without a rebound. 2:57 of 2nd period - Jeff Carter wins face-off versus Tyler Johnson in SAN JOSE BRONCOS zone. 3:23 of 2nd period - Shot by Alexis Lafreniere. 3:23 of 2nd period - Deflect By Tyler Johnson. 3:23 of 2nd period - Shot Misses the Net. 3:25 of 2nd period - Shot by Sean Walker. 3:25 of 2nd period - Stopped by Semyon Varlamov with a rebound. 3:27 of 2nd period - Shot by Nicholas Paul. 3:27 of 2nd period - Shot Misses the Net. 3:41 of 2nd period - Shot by Alexis Lafreniere. 3:41 of 2nd period - Shot Blocked by Jake Walman. 3:58 of 2nd period - Shot by Philipp Kurashev. 3:58 of 2nd period - Stopped by Semyon Varlamov without a rebound. 3:59 of 2nd period - Boone Jenner wins face-off versus Sonny Milano in SAN JOSE BRONCOS zone. 4:25 of 2nd period - Shot by Boone Jenner. 4:25 of 2nd period - Stopped by Semyon Varlamov without a rebound. 4:26 of 2nd period - Jack Roslovic wins face-off versus Connor Bedard in SAN JOSE BRONCOS zone. 4:51 of 2nd period - Shot by Cole Caufield. 4:51 of 2nd period - Shot Misses the Net. 4:57 of 2nd period - Shot by Oliver Bjorkstrand. 4:57 of 2nd period - Shot Blocked by Justin Schultz. 4:59 of 2nd period - Shot by Oliver Bjorkstrand. 4:59 of 2nd period - Shot Blocked by Brock Boeser. 5:01 of 2nd period - Shot by Oliver Bjorkstrand. 5:01 of 2nd period - Goal by Oliver Bjorkstrand - SAN JOSE BRONCOS : 1 - KANSAS CITY KILLERBEES : 3. 5:02 of 2nd period - Boone Jenner wins face-off versus Sonny Milano in neutral zone. 5:02 of 2nd period - Boone Jenner is hit by Sonny Milano. 5:05 of 2nd period - Jordan Kyrou is hit by Thomas Harley. 5:11 of 2nd period - Shot by Boone Jenner. 5:11 of 2nd period - Stopped by Semyon Varlamov without a rebound. 5:12 of 2nd period - Tyler Johnson wins face-off versus Jesper Bratt in SAN JOSE BRONCOS zone. 5:12 of 2nd period - Nicholas Paul is hit by Thomas Harley and loses puck. 5:30 of 2nd period - Tyler Johnson is hit by Jaccob Slavin and loses puck. 5:37 of 2nd period - Shot by Nicholas Paul. 5:37 of 2nd period - Shot Misses the Net. 5:39 of 2nd period - Shot by Nicholas Paul. 5:39 of 2nd period - Stopped by Semyon Varlamov without a rebound. 5:40 of 2nd period - Jack Roslovic wins face-off versus Connor Bedard in SAN JOSE BRONCOS zone. 6:05 of 2nd period - Philipp Kurashev is hit by Oliver Bjorkstrand and loses puck. 6:14 of 2nd period - Icing by Adam Pelech. 6:15 of 2nd period - Boone Jenner wins face-off versus Jack Roslovic in SAN JOSE BRONCOS zone. 6:16 of 2nd period - Shot by Jordan Kyrou. 6:16 of 2nd period - Stopped by Semyon Varlamov without a rebound. 6:17 of 2nd period - Boone Jenner wins face-off versus Sonny Milano in SAN JOSE BRONCOS zone. 6:24 of 2nd period - Shot by Boone Jenner. 6:24 of 2nd period - Stopped by Semyon Varlamov with a rebound. 6:51 of 2nd period - Shot by Jesper Bratt. 6:51 of 2nd period - Shot Blocked by K'Andre Miller. 6:57 of 2nd period - Shot by Clayton Keller. 6:57 of 2nd period - Stopped by John Gibson without a rebound. 6:58 of 2nd period - Jack Roslovic wins face-off versus Connor Bedard in KANSAS CITY KILLERBEES zone. 6:58 of 2nd period - Jack Roslovic is hit by Mattias Ekholm. 7:19 of 2nd period - Oliver Bjorkstrand is hit by Mattias Ekholm and loses puck. 7:56 of 2nd period - Off-side. 7:57 of 2nd period - Jeff Carter wins face-off versus Tyler Johnson in neutral zone. 8:03 of 2nd period - Off-side. 8:04 of 2nd period - Boone Jenner wins face-off versus Sonny Milano in neutral zone. 8:21 of 2n